UAA
ATLANTIC CITY SONICS @ COLORADO SPRINGS VELOCITY
07/13/2018
 
TOP OF THE 1ST
Atlantic City Sonics batting - Pitching for Colorado Springs Velocity : RHP Rafael Chávez
Pitching: RHP Rafael Chávez
Batting: RHB Thomas Campbell 0-0: Swinging Strike
0-1: Ball
1-1: Swinging Strike
1-2: Ball
2-2: Ball
3-2: Strikes out looking
Batting: RHB Ethan Stanford 0-0: Called Strike
0-1: Swinging Strike
0-2: Ball
1-2: Ball
2-2: Ground out 4-3 (Groundball, 4)
Batting: RHB Jesús Orozco 0-0: Ground out 4-3 (Groundball, 4M)
Top of the 1st over - 0 run(s), 0 hit(s), 0 error(s), 0 left on base; Atlantic City 0 - Colorado Springs 0
BOTTOM OF THE 1ST
Colorado Springs Velocity batting - Pitching for Atlantic City Sonics : RHP Glenn West
Pitching: RHP Glenn West
Batting: SHB Tom Palmer 0-0: Called Strike
0-1: SINGLE (Groundball, 34D)
Batting: SHB Jack Bell 0-0: Ball
1-0: Fly out, F7 (Flyball, 7LM)
Batting: RHB Luis Sáenz 0-0: Called Strike
0-1: SINGLE (Line Drive, 7LS)
Tom Palmer to second
Batting: RHB Brian King 0-0: Ball
1-0: Grounds into double play, 4-6-3 (Groundball, 4)
Bottom of the 1st over - 0 run(s), 2 hit(s), 0 error(s), 1 left on base; Atlantic City 0 - Colorado Springs 0
TOP OF THE 2ND
Atlantic City Sonics batting - Pitching for Colorado Springs Velocity : RHP Rafael Chávez
Batting: RHB Joe Smith 0-0: Fly out, F9 (Flyball, 9M)
Batting: RHB Chris Henderson 0-0: Foul Ball, location: 2F
0-1: Ball
1-1: Called Strike
1-2: Ball
2-2: Strikes out looking
Batting: RHB Jason Duncan 0-0: Ball
1-0: Swinging Strike
1-1: Fly out, F6 (Popup, 6MD)
Top of the 2nd over - 0 run(s), 0 hit(s), 0 error(s), 0 left on base; Atlantic City 0 - Colorado Springs 0
BOTTOM OF THE 2ND
Colorado Springs Velocity batting - Pitching for Atlantic City Sonics : RHP Glenn West
Batting: RHB Eric Randolph 0-0: Ball
1-0: Ball
2-0: Ball
3-0: Called Strike
3-1: Base on Balls
Batting: RHB Dave Waller 0-0: Swinging Strike
0-1: Ball
1-1: Foul Ball, location: 2F
1-2: Foul Ball, location: 2F
1-2: Ball
2-2: Ball
3-2: Fly out, F8 (Flyball, 8LM)
Batting: LHB Víctor Cedeńo 0-0: Ball
1-0: Ball
2-0: Fly out, F8 (Flyball, 89M)
Batting: RHB Dan Hart 0-0: Called Strike
0-1: Ball
1-1: Ball
2-1: Foul Ball, location: 2F
2-2: Ball
3-2: Strikes out swinging
Bottom of the 2nd over - 0 run(s), 0 hit(s), 0 error(s), 1 left on base; Atlantic City 0 - Colorado Springs 0
TOP OF THE 3RD
Atlantic City Sonics batting - Pitching for Colorado Springs Velocity : RHP Rafael Chávez
Batting: RHB Michael Bucknell 0-0: Ball
1-0: Ball
2-0: Foul Ball, location: 2F
2-1: DOUBLE (Line Drive, 7LS)
Batting: RHB António Granados 0-0: Ball
1-0: Called Strike
1-1: Called Strike
1-2: Foul Ball, location: 2F
1-2: Ball
2-2: Strikes out swinging
Batting: LHB Kip Burks 0-0: Foul Ball, location: 2F
0-1: Ball
1-1: Ball
2-1: Ball
3-1: DOUBLE (Groundball, 3L)
Michael Bucknell scores
Batting: RHB Thomas Campbell 0-0: Ball
1-0: Called Strike
1-1: Foul Ball, location: 2F
1-2: Foul Ball, location: 2F
1-2: Ball
2-2: Ball
3-2: Fly out, F9 (Flyball, 9LM)
Batting: RHB Ethan Stanford 0-0: Ball
1-0: Ball
2-0: Ball
3-0: Base on Balls
Batting: RHB Jesús Orozco 0-0: Ground out 4-3 (Groundball, 34)
Top of the 3rd over - 1 run(s), 2 hit(s), 0 error(s), 2 left on base; Atlantic City 1 - Colorado Springs 0
BOTTOM OF THE 3RD
Colorado Springs Velocity batting - Pitching for Atlantic City Sonics : RHP Glenn West
Batting: RHB Randy Tucker 0-0: Fly out, F9 (Flyball, 9M)
Batting: SHB Tom Palmer 0-0: Ball
1-0: Ball
2-0: Ball
3-0: Called Strike
3-1: Foul Ball, location: 2F
3-2: Foul Ball, location: 2F
3-2: Base on Balls
Batting: SHB Jack Bell 0-0: Called Strike
0-1: Ball
1-1: Ball
2-1: Called Strike
2-2: Fly out, F6 (Popup, 78S)
Batting: RHB Luis Sáenz 0-0: Swinging Strike
0-1: Ball
1-1: Ball
2-1: Foul Ball, location: 2F
2-2: Fly out, F6 (Popup, 6)
Bottom of the 3rd over - 0 run(s), 0 hit(s), 0 error(s), 1 left on base; Atlantic City 1 - Colorado Springs 0
TOP OF THE 4TH
Atlantic City Sonics batting - Pitching for Colorado Springs Velocity : RHP Rafael Chávez
Batting: RHB Joe Smith 0-0: SINGLE (Flyball, 9S)
Batting: RHB Chris Henderson 0-0: Ball
1-0: Foul Ball, location: 2F
1-1: Called Strike
1-2: Ball
2-2: Strikes out swinging
Batting: RHB Jason Duncan 0-0: Swinging Strike
0-1: Called Strike
0-2: Strikes out swinging
Batting: RHB Michael Bucknell 0-0: Foul Ball, location: 2F
0-1: Swinging Strike
0-2: Ground out 5-3 (Groundball, 5S)
Top of the 4th over - 0 run(s), 1 hit(s), 0 error(s), 1 left on base; Atlantic City 1 - Colorado Springs 0
BOTTOM OF THE 4TH
Colorado Springs Velocity batting - Pitching for Atlantic City Sonics : RHP Glenn West
Batting: RHB Brian King 0-0: Swinging Strike
0-1: Swinging Strike
0-2: Strikes out swinging
Batting: RHB Eric Randolph 0-0: Fly out, F8 (Flyball, 8RM)
Batting: RHB Dave Waller 0-0: Swinging Strike
0-1: Ball
1-1: Foul Ball, location: 2F
1-2: Ball
2-2: Foul Ball, location: 2F
2-2: Strikes out swinging
Bottom of the 4th over - 0 run(s), 0 hit(s), 0 error(s), 0 left on base; Atlantic City 1 - Colorado Springs 0
TOP OF THE 5TH
Atlantic City Sonics batting - Pitching for Colorado Springs Velocity : RHP Rafael Chávez
Batting: RHB António Granados 0-0: DOUBLE (Line Drive, 5D)
Batting: LHB Kip Burks 0-0: Ball
1-0: Foul Ball, location: 2F
1-1: Swinging Strike
1-2: Ball
2-2: Ball
3-2: Fly out, F5 (Popup, 5L)
Batting: RHB Thomas Campbell 0-0: Called Strike
0-1: Swinging Strike
0-2: 2-RUN HOME RUN (Flyball, 7D), Distance : 372 ft
Batting: RHB Ethan Stanford 0-0: Ball
1-0: Swinging Strike
1-1: Ball
2-1: Called Strike
2-2: Ball
3-2: Fly out, F7 (Flyball, 78M)
Batting: RHB Jesús Orozco 0-0: Ball
1-0: Ball
2-0: Reached on error, E5 (Groundball, 5)
Batting: RHB Joe Smith 0-0: Called Strike
0-1: Fielders Choice at 2nd, U6 (Groundball, 6M)
Top of the 5th over - 2 run(s), 2 hit(s), 1 error(s), 1 left on base; Atlantic City 3 - Colorado Springs 0
BOTTOM OF THE 5TH
Colorado Springs Velocity batting - Pitching for Atlantic City Sonics : RHP Glenn West
Batting: LHB Víctor Cedeńo 0-0: Called Strike
0-1: Ball
1-1: Foul Ball, location: 2F
1-2: Ground out 4-3 (Groundball, 4)
Batting: RHB Dan Hart 0-0: Ground out 6-3 (Groundball, 56)
Batting: RHB Randy Tucker 0-0: Called Strike
0-1: SINGLE (Flyball, 89S)
Batting: SHB Tom Palmer 0-0: Ball
1-0: Ground out 4-3 (Groundball, 4)
Bottom of the 5th over - 0 run(s), 1 hit(s), 0 error(s), 1 left on base; Atlantic City 3 - Colorado Springs 0
TOP OF THE 6TH
Atlantic City Sonics batting - Pitching for Colorado Springs Velocity : RHP Rafael Chávez
Batting: RHB Chris Henderson 0-0: Ball
1-0: Ball
2-0: Ball
3-0: Called Strike
3-1: Base on Balls
Batting: RHB Jason Duncan 0-0: Called Strike
Chris Henderson steals 2nd base
0-1: Foul Ball, location: 2F
0-2: Ball
1-2: Ball
2-2: Ball
3-2: Intentional Walk
Batting: RHB Michael Bucknell 0-0: Ball
1-0: SINGLE (Groundball, 34D)
Chris Henderson to third
Jason Duncan to second
Runner from 3rd tries for Home, SAFE, no throw or cutoff
Batting: RHB António Granados 0-0: Ball
1-0: Ball
2-0: Ball
3-0: Called Strike
3-1: Foul Ball, location: 2F
3-2: Foul Ball, location: 2F
3-2: Fly out, F8 (Flyball, 8RD)
Runner from 2nd tags up, SAFE at 3rd, no throw
Batting: LHB Kip Burks 0-0: Called Strike
0-1: SINGLE (Groundball, 4MD)
Jason Duncan scores
Michael Bucknell to second
Pitching: RHP Ricardo González
Batting: RHB Thomas Campbell 0-0: Foul Ball, location: 2F
0-1: Grounds into double play, 5-4-3 (Groundball, 5)
Top of the 6th over - 2 run(s), 2 hit(s), 0 error(s), 1 left on base; Atlantic City 5 - Colorado Springs 0
BOTTOM OF THE 6TH
Colorado Springs Velocity batting - Pitching for Atlantic City Sonics : RHP Glenn West
Batting: SHB Jack Bell 0-0: Ball
1-0: Ball
2-0: Ball
3-0: Called Strike
3-1: Ground out 4-3 (Groundball, 4)
Batting: RHB Luis Sáenz 0-0: Ball
1-0: Ground out 5-3 (Groundball, 15S)
Batting: RHB Brian King 0-0: Ball
1-0: Foul Ball, location: 2F
1-1: Swinging Strike
1-2: Foul Ball, location: 2F
1-2: Foul Ball, location: 2F
1-2: Ball
2-2: Strikes out swinging
Bottom of the 6th over - 0 run(s), 0 hit(s), 0 error(s), 0 left on base; Atlantic City 5 - Colorado Springs 0
TOP OF THE 7TH
Atlantic City Sonics batting - Pitching for Colorado Springs Velocity : RHP Ricardo González
Batting: RHB Ethan Stanford 0-0: Ball
1-0: Called Strike
1-1: Foul Ball, location: 2F
1-2: Strikes out looking
Batting: RHB Jesús Orozco 0-0: Ball
1-0: Called Strike
1-1: Ball
2-1: Fly out, F4 (Popup, 4M)
Batting: RHB Joe Smith 0-0: Called Strike
0-1: Ball
1-1: Ball
2-1: Called Strike
2-2: Foul Ball, location: 2F
2-2: Ball
3-2: Fly out, F9 (Flyball, 9M)
Top of the 7th over - 0 run(s), 0 hit(s), 0 error(s), 0 left on base; Atlantic City 5 - Colorado Springs 0
BOTTOM OF THE 7TH
Colorado Springs Velocity batting - Pitching for Atlantic City Sonics : RHP Glenn West
Now at C: Steven Johnson
Batting: RHB Eric Randolph 0-0: Ball
1-0: SOLO HOME RUN (Flyball, 7D), Distance : 396 ft
Batting: RHB Dave Waller 0-0: Ball
1-0: Ball
2-0: Ground out 4-3 (Groundball, 4)
Batting: LHB Víctor Cedeńo 0-0: Called Strike
0-1: Ball
1-1: Ball
2-1: Ball
3-1: Base on Balls
Batting: RHB Dan Hart 0-0: Ball
1-0: Called Strike
1-1: Fly out, F4 (Popup, 4D)
Batting: RHB Randy Tucker 0-0: Swinging Strike
0-1: Swinging Strike
0-2: Strikes out swinging
Bottom of the 7th over - 1 run(s), 1 hit(s), 0 error(s), 1 left on base; Atlantic City 5 - Colorado Springs 1
TOP OF THE 8TH
Atlantic City Sonics batting - Pitching for Colorado Springs Velocity : RHP Ricardo González
Batting: RHB Chris Henderson 0-0: Ball
1-0: Foul Ball, location: 2F
1-1: Ball
2-1: Ball
3-1: Base on Balls
Batting: RHB Jason Duncan 0-0: Called Strike
0-1: Ball
1-1: Foul Ball, location: 2F
1-2: Foul Ball, location: 2F
1-2: Strikes out swinging
Pitching: RHP Anthony McLaughlin
Batting: RHB Michael Bucknell 0-0: Called Strike
Balk!
Chris Henderson to second
0-1: Foul Ball, location: 2F
0-2: Ball
1-2: Strikes out swinging
Batting: RHB António Granados 0-0: Ball
1-0: Called Strike
1-1: Swinging Strike
1-2: Foul Ball, location: 2F
1-2: Strikes out swinging
Top of the 8th over - 0 run(s), 0 hit(s), 0 error(s), 1 left on base; Atlantic City 5 - Colorado Springs 1
BOTTOM OF THE 8TH
Colorado Springs Velocity batting - Pitching for Atlantic City Sonics : RHP Glenn West
Batting: SHB Tom Palmer 0-0: Called Strike
0-1: Ball
1-1: Called Strike
1-2: Strikes out swinging
Batting: SHB Jack Bell 0-0: SINGLE (Line Drive, 4MD)
Batting: RHB Luis Sáenz 0-0: Swinging Strike
0-1: Ball
1-1: Foul Ball, location: 2F
1-2: Ball
2-2: Foul Ball, location: 2F
2-2: Fly out, F7 (Flyball, 7M)
Pitching: RHP Bob Manning
Batting: RHB Brian King 0-0: Ground out 5-3 (Groundball, 56S)
Bottom of the 8th over - 0 run(s), 1 hit(s), 0 error(s), 1 left on base; Atlantic City 5 - Colorado Springs 1
TOP OF THE 9TH
Atlantic City Sonics batting - Pitching for Colorado Springs Velocity : RHP Anthony McLaughlin
Batting: LHB Kip Burks 0-0: Ball
1-0: Ball
2-0: Ball
3-0: Called Strike
3-1: Base on Balls
Batting: RHB Thomas Campbell 0-0: Called Strike
0-1: Ball
1-1: Fielders Choice at 2nd, 4-6 (Groundball, 4)
Batting: RHB Ethan Stanford 0-0: Foul Ball, location: 2F
0-1: Called Strike
0-2: SINGLE (Groundball, 4MD) (infield hit)
Thomas Campbell to second
Batting: RHB Jesús Orozco 0-0: Ball
1-0: Foul Ball, location: 2F
1-1: Ball
2-1: Ball
3-1: Base on Balls
Thomas Campbell to third
Ethan Stanford to second
Batting: LHB Steven Johnson 0-0: Ball
1-0: Ball
2-0: Called Strike
2-1: Foul Ball, location: 2F
2-2: Foul Ball, location: 2F
2-2: Strikes out swinging
Batting: RHB Chris Henderson 0-0: Ball
1-0: Foul Ball, location: 2F
1-1: Swinging Strike
1-2: Strikes out swinging
Top of the 9th over - 0 run(s), 1 hit(s), 0 error(s), 3 left on base; Atlantic City 5 - Colorado Springs 1
BOTTOM OF THE 9TH
Colorado Springs Velocity batting - Pitching for Atlantic City Sonics : RHP Bob Manning
Batting: RHB Eric Randolph 0-0: Ball
1-0: Foul Ball, location: 2F
1-1: Foul Ball, location: 2F
1-2: Foul Ball, location: 2F
1-2: Foul Ball, location: 2F
1-2: Ball
2-2: Ground out 6-3 (Groundball, 56)
Batting: RHB Dave Waller 0-0: Swinging Strike
0-1: Ground out 5-3 (Groundball, 56S)
Batting: LHB Víctor Cedeńo 0-0: Foul Ball, location: 2F
0-1: SINGLE (Groundball, 34D)
Batting: RHB Dan Hart 0-0: Ground out 4-3 (Groundball, 34)
Bottom of the 9th over - 0 run(s), 1 hit(s), 0 error(s), 1 left on base; Atlantic City 5 - Colorado Springs 1
This league is powered by Out of the Park Baseball, the baseball management simulation game for PC, Mac and Linux
Monday, May 4th, 2015 - OOTP Baseball 15.6 Build 34